 Dungeon Crawl Stone Soup version 0.31-a0-348-g810772c3d7 (webtiles) character file.

Game seed: 11331138478322035011

1459485 kush the Cloud Mage (level 27, 207/207 HPs)
             Began as a Human Air Elementalist on July 22, 2023.
             Was a High Priest of Sif Muna.
             Escaped with the Orb
             ... and 3 runes on July 23, 2023!
             The game lasted 04:26:20 (94411 turns).

kush the Cloud Mage (Human Air Elementalist)       Turns: 94411, Time: 04:26:21

Health: 207/207    AC: 26    Str: 13    XL:     27
Magic:  50/50      EV: 16    Int: 47    God:    Sif Muna [*****.]
Gold:   3544       SH: 19    Dex: 18    Spells: 4/62 levels left

rFire   + . .        a - staff "Xenkeo" {+Blink rElec rPois Str+4 Air}
rCold   + . .        U - +5 kite shield {rC+ rF+}
rNeg    + . .        R - quicksilver dragon scales
rPois   +            K - +3 hat of Pondering {ponderous, Will+ MP+10 Int+5}
rElec   +            x - +2 cloak {rCorr}
rCorr   +            F - +2 pair of gloves {infuse}
SInv    .            l - +0 pair of boots "Kochyrgh" {Regen+ Int+3}
Will    ++++.        h - amulet "Napnan Toffa" {RegenMP Slay+2}
Stlth   +            o - ring of Ojunoj {rN+ Int+6}
HPRegen 1.34/turn    i - +6 ring of intelligence
MPRegen 0.72/turn

%: infuse magic (1 MP)
@: hasted, very quick
A: antennae 1, agile 1, low MP 1, screaming 1, electricity resistance
0: Orb of Zot
}: 3/15 runes: serpentine, barnacled, slimy
a: Renounce Religion, Evoke Blink, Channel Magic, Forget Spell, Divine Exegesis


You escaped.
You worshipped Sif Muna.
Sif Muna was extremely pleased with you.
You visited 12 branches of the dungeon, and saw 54 of its levels.
You also visited: Sewer, Gauntlet, Ice Cave and Volcano.

You collected 8138 gold pieces.
You spent 4594 gold pieces at shops.

Inventory:

Hand Weapons
 t - the +12 glaive of Prune {freeze, Prune}
   (You found it on level 5 of the Pits of Slime)

   Prune:     It halves damage taken while paralysed, petrified or unconscious.
Armour
 l - the +0 pair of boots "Kochyrgh" (worn) {Regen+ Int+3}
   (You acquired it on level 4 of the Vaults)

   Int:       It affects your intelligence (+3).
   Regen:     It increases your rate of health regeneration.
 x - a +2 cloak of preservation (worn)
 F - a +2 pair of gloves of infusion (worn)
 J - a +2 cloak of willpower
 K - the +3 hat of Pondering (worn) {ponderous, Will+ MP+10 Int+5}
   (You bought it in a shop on level 8 of the Dungeon)

   Int:       It affects your intelligence (+5).
   MP:        It affects your magic capacity (+10).
   Will:      It increases your willpower.
 R - quicksilver dragon scales (worn)
 U - a +5 kite shield of resistance (worn)
Magical Staves
 a - the staff "Xenkeo" (weapon) {+Blink rElec rPois Str+4 Air}
   (You found it on level 3 of the Elven Halls)

   [staff of air]

   Base accuracy: +5 Base damage: 5 Base attack delay: 1.2 This weapon's minimum
   attack delay (0.6) is reached at skill level 12.
   Str:       It affects your strength (+4).
   rElec:     It insulates you from electricity.
   rPois:     It protects you from poison.
   +Blink:    It lets you blink.
   Air:       It increases the power of your Air spells.
   It falls into the 'Staves' category.
   It is a one-handed weapon.
 b - a staff of conjuration
Jewellery
 c - the ring "Puina" {rPois Int+2 Dex+2 SInv}
   (You bought it in a shop on level 1 of the Snake Pit)

   [ring of see invisible]

   Int:       It affects your intelligence (+2).
   Dex:       It affects your dexterity (+2).
   rPois:     It protects you from poison.
   SInv:      It lets you see invisible.
 h - the amulet "Napnan Toffa" (around neck) {RegenMP Slay+2}
   (You found it on level 1 of the Elven Halls)

   [amulet of magic regeneration]

   It increases your rate of magic regeneration.
   Slay:      It affects your accuracy & damage with ranged weapons and melee
   (+2).
 i - a +6 ring of intelligence (right hand)
 o - the ring of Ojunoj (left hand) {rN+ Int+6}
   (You found it on level 3 of the Depths)

   [ring of intelligence]

   Int:       It affects your intelligence (+6).
   rN:        It protects you from negative energy.
 y - a ring of wizardry
 C - the ring "Wyruvo" {Fly rPois}
   (You found it on level 7 of the Dungeon)

   [ring of flight]

   rPois:     It protects you from poison.
   Fly:       It grants you flight.
 D - a ring of protection from fire
 Q - a ring of the Octopus King {Wiz HP+2 AC+2 EV+2 SH+2}
   (You took it off a deep elf demonologist on level 3 of the Elven Halls)

   [ring of wizardry]

   It improves your spell success rate.
   AC:        It affects your AC (+2).
   EV:        It affects your evasion (+2).
   HP:        It affects your health (+2).
   SH:        It affects your SH (+2).
Wands
 g - a wand of roots (68)
 k - a wand of digging (17)
 H - a wand of quicksilver (33)
 L - a wand of polymorph (43)
 N - a wand of mindburst (20)
 V - a wand of charming (24)
Scrolls
 e - 4 scrolls of blinking
 p - 5 scrolls of fog
 s - 10 scrolls of teleportation
 u - 7 scrolls of enchant armour
 w - 3 scrolls of butterflies
 X - 4 scrolls of fear
 Y - a scroll of revelation
Potions
 d - 2 potions of cancellation
 f - 14 potions of mutation
 j - 24 potions of curing
 m - 4 potions of brilliance
 n - a potion of ambrosia
 q - 2 potions of enlightenment
 v - a potion of resistance
 z - 2 potions of magic
 A - 10 potions of might
 E - 5 potions of invisibility
 O - 4 potions of haste
 T - 4 potions of heal wounds
Miscellaneous
 r - a sack of spiders
 G - a phial of floods
 I - a tin of tremorstones (2/2)
 S - a phantom mirror
 W - a lightning rod (4/4)


   Skills:
 - Level 15.0 Fighting
 - Level 5.4 Staves
 - Level 14.4 Armour
 - Level 11.0 Dodging
 - Level 2.0 Stealth
 - Level 14.5 Shields
 - Level 18.0 Spellcasting
 - Level 22.0 Conjurations
 - Level 3.0 Hexes
 - Level 4.0 Translocations
 - Level 8.0 Fire Magic
 * Level 24.0 Air Magic
 - Level 5.0 Earth Magic
 - Level 15.2 Invocations
 - Level 12.9 Evocations


You had 4 spell levels left.
You knew the following spells:

 Your Spells              Type           Power      Damage    Failure   Level
a - Airstrike             Air            79%        2d(12-28) 0%          4
b - Plasma Beam           Fire/Air       69%        2x1d85    1%          6
c - Chain Lightning       Conj/Air       78%        3d104     13%         9
d - Orb of Destruction    Conj           64%        9d15      1%          7
f - Freezing Cloud        Conj/Ice/Air   68%        6-21      1%          5
j - Arcjolt               Conj/Air       78%        1d88      0%          5
m - Maxwell's Capacitive  Air            79%        ∞         1%          8
B - Blink                 Tloc           100%       N/A       1%          2
F - Fireball              Conj/Fire      55%        3d21      1%          5
M - Iskenderun's Mystic   Conj/Tloc      100%       2d19      1%          4
R - Swiftness             Air            100%       N/A       0%          3

Your spell library contained the following spells:

 Spells                   Type           Power      Damage    Failure   Level
 Foxfire                  Conj/Fire      100%       2x1d9     0%          1
 Magic Dart               Conj           100%       1d8       0%          1
 Shock                    Conj/Air       100%       1d9       0%          1
 Momentum Strike          Conj/Tloc      100%       3d10      0%          2
 Searing Ray              Conj           100%       2d8       0%          2
 Static Discharge         Conj/Air       100%       2-7/arc   0%          2
 Mephitic Cloud           Conj/Pois/Air  100%       N/A       0%          3
 Vhi's Electric Charge    Tloc/Air       100%       N/A       0%          3
 Apportation              Tloc           100%       N/A       1%          1
 Kiss of Death            Conj/Necr      100%       2d13      1%          1
 Necrotise                Necr           100%       1d9       1%          1
 Sandblast                Erth           100%       2d20      1%          1
 Slow                     Hex            100%       N/A       1%          1
 Summon Small Mammal      Summ           100%       N/A       1%          1
 Cigotuvi's Dreadful Rot  Necr/Pois/Air  100%       N/A       1%          2
 Ensorcelled Hibernation  Hex/Ice        100%       N/A       1%          2
 Lesser Beckoning         Tloc           100%       N/A       1%          2
 Passwall                 Tmut/Erth      50%        N/A       1%          2
 Poisonous Vapours        Pois/Air       100%       N/A       1%          2
 Scorch                   Fire           100%       2d9       1%          2
 Confusing Touch          Hex            63%        N/A       1%          3
 Dazzling Flash           Conj/Hex       100%       N/A       1%          3
 Gell's Gravitas          Tloc           68%        N/A       1%          3
 Hailstorm                Conj/Ice       98%        3d19      1%          3
 Ignite Poison            Fire/Tmut/Pois 61%        N/A       1%          3
 Inner Flame              Hex/Fire       76%        N/A       1%          3
 Portal Projectile        Hex/Tloc       100%       N/A       1%          3
 Stone Arrow              Conj/Erth      100%       3d13      1%          3
 Teleport Other           Tloc           68%        N/A       1%          3
 Tukima's Dance           Hex            63%        N/A       1%          3
 Volatile Blastmotes      Fire/Tloc      100%       2d18      1%          3
 Flame Wave               Conj/Fire      100%       2d21      1%          4
 Fulminant Prism          Conj/Hex       51%        3d23      1%          4
 Sticky Flame             Conj/Fire      100%       2d11      1%          4
 Summon Lightning Spire   Summ/Air       100%       N/A       1%          4
 Call Imp                 Summ           84%        N/A       2%          2
 Sublimation of Blood     Necr           42%        N/A       2%          2
 Wereblood                Tmut           42%        N/A       2%          2
 Summon Guardian Golem    Hex/Summ       54%        N/A       2%          3
 Leda's Liquefaction      Hex/Erth       34%        N/A       3%          4
 Manifold Assault         Tloc           68%        N/A       3%          4
 Passage of Golubria      Tloc           68%        N/A       3%          4
 Call Canine Familiar     Summ           42%        N/A       4%          3
 Frozen Ramparts          Ice            84%        1d13      4%          3
 Ozocubu's Armour         Ice            42%        N/A       4%          3
 Vampiric Draining        Necr           42%        2d9       4%          3
 Cause Fear               Hex            31%        N/A       4%          4
 Animate Armour           Summ/Erth      100%       N/A       5%          4
 Petrify                  Tmut/Erth      60%        N/A       5%          4
 Anguish                  Hex/Necr       27%        N/A       9%          4
 Animate Dead             Necr           42%        N/A       16%         4
 Dispel Undead            Necr           42%        3d17      16%         4
 Olgreb's Toxic Radiance  Pois           42%        N/A       16%         4
 Summon Ice Beast         Ice/Summ       42%        N/A       16%         4
 Iskenderun's Battlesphe  Conj           100%       2d15      0%          5
 Irradiate                Conj/Tmut      49%        3d28      1%          5
 Silence                  Hex/Air        65%        N/A       1%          5
 Conjure Ball Lightning   Conj/Air       78%        3x3d30    1%          6
 Leda's Unmaking          Conj/Erth      53%        9d9       1%          6
 Starburst                Conj/Fire      55%        6d15      1%          6
 Lee's Rapid Deconstruct  Erth           36%        3d18*     5%          5
 Spellforged Servitor     Conj/Summ      49%        N/A       14%         7
 Borgnjor's Vile Clutch   Necr/Erth      30%        N/A       16%         5
 Summon Forest            Summ/Tloc      28%        N/A       19%         5
 Metabolic Englaciation   Hex/Ice        27%        N/A       24%         5
 Summon Mana Viper        Hex/Summ       54%        N/A       24%         5
 Yara's Violent Unravell  Hex/Tmut       27%        3d12      24%         5
 Lehudib's Crystal Spear  Conj/Erth      53%        10d12     38%         8
 Agony                    Necr           42%        N/A       41%         5
 Alistair's Intoxication  Tmut/Pois      28%        N/A       41%         5
 Dispersal                Tloc           34%        N/A       43%         6
 Death Channel            Necr           21%        N/A       94%         6
 Eringya's Noxious Bog    Tmut/Pois      21%        4d6       94%         6
 Simulacrum               Ice/Necr       21%        N/A       94%         6
 Summon Cactus Giant      Summ           21%        N/A       94%         6
 Enfeeble                 Hex            31%        N/A       98%         7
 Ignition                 Fire           43%        3d13      98%         8
 Fire Storm               Conj/Fire      55%        8d14      98%         9
 Malign Gateway           Summ/Tloc      28%        N/A       99%         7
 Haunt                    Necr/Summ      21%        N/A       100%        7
 Monstrous Menagerie      Summ           21%        N/A       100%        7
 Summon Hydra             Summ           21%        N/A       100%        7
 Discord                  Hex            31%        N/A       100%        8
 Disjunction              Tloc           34%        N/A       100%        8
 Infestation              Necr           21%        N/A       100%        8
 Summon Horrible Things   Summ           21%        N/A       100%        8
 Dragon's Call            Summ           21%        N/A       100%        9
 Polar Vortex             Ice            21%        12d2*     100%        9
 Shatter                  Erth           36%        3d29*     100%        9


Dungeon Overview and Level Annotations

Branches:
Dungeon (15/15)            Temple (1/1) D:5            Lair (5/5) D:9
 Shoals (4/4) Lair:3        Snake (4/4) Lair:2        Slime (5/5) Lair:5
    Orc (2/2) D:12            Elf (3/3) Orc:2        Vaults (5/5) D:13
  Crypt (1/3) Vaults:2     Depths (4/4) D:15            Zot (5/5) Depths:4
  Sewer (visited)           IceCv (visited)         Volcano (visited)
Gauntlet (visited)

Altars:
Ashenzari
Cheibriados
Dithmenos
Elyvilon
Fedhas
Gozag
Hepliaklqana
Kikubaaqudgha
Makhleb
Nemelex Xobeh
Okawaru
Qazlal
Ru
Sif Muna
Trog
Uskayaw
Vehumet
Wu Jian
Xom
Yredelemnul
Zin
The Shining One

Shops:
D:8 :?([*   D:10 [   Orc:2 ??(=:*??*   Snake:1 :==   Snake:2 =   Vaults:2 **(
Vaults:4 (??(*   Depths:2 ?   Depths:4 **

Portals:
Hell: Lair:5 Depths:1 Depths:2 Depths:3 Depths:4
Abyss: Depths:1 Depths:3
Pandemonium: Orc:2 Depths:2
Ziggurat: Depths:2

Annotations:
D:8 exclusion: downstairs
D:11 exclusion: 2 downstairs
D:13 3 runed translucent doors, Mithras's ghost, journeyman TrSh
Lair:2 1 runed translucent door, exclusion: door
Lair:3 exclusion: 2 downstairs
Shoals:2 exclusion: 2 downstairs
Snake:2 exclusion: downstairs
Slime:2 exclusion: upstairs
Slime:4 exclusion: downstairs
Elf:2 3 runed translucent doors, exclusion: 5 doors
Elf:3 1 exclusion
Vaults:1 exclusion: downstairs
Vaults:4 Boris
Depths:3 exclusion: 2 downstairs
Zot:1 exclusion: 2 downstairs
Zot:2 2 transporters, exclusion: orange crystal statue


Innate Abilities, Weirdness & Mutations

You have a pair of small antennae on your head.
You are agile. (Dex +4, Str/Int -1)
Your magical capacity is low. (-10% MP)
You occasionally shout uncontrollably at your foes.
You are resistant to electric shocks. (rElec)


Message History

You climb upwards.
There is a stone staircase leading down here.
Okay, then.
There is a stone staircase leading up, spattered with blood here.
You climb upwards.
There is a stone staircase leading down here.
You see here 4 silver boomerangs.
An ice devil comes into view.
Casting: Plasma Beam (mildly dangerous; 1% risk of failure)
Confirm with . or Enter, or press ? or * to list all spells.
Casting: Plasma Beam (mildly dangerous; 1% risk of failure)
Press: ? - help, Dir - look around, f - activate You feel a surge of power!
The bolt of lightning misses the ice devil.
The fiery plasma hits the ice devil!!!!
The ice devil is burned terribly!
You kill the ice devil!
Sif Muna accepts your kill.
Magic restored.
There is a stone staircase leading up here.
You climb upwards.
There is a stone staircase leading down here.
There is a stone staircase leading up here.
You climb upwards.
There is a stone staircase leading down here.
There is an escape hatch in the ceiling here.
A mysterious force pulls you upwards. The hatch slams shut behind you.
You feel yourself speed up.
A demonspawn black sun comes into view. It is wielding a +0 glaive.
Aiming: Dig
Press: ? - help, Shift-Dir - straight line A rock wall.
This square is covered in magical glow.
The rock shatters into small pieces.
Aiming: Dig
Press: ? - help, Shift-Dir - straight line You can't see that place. [a rock wall.]
The rock shatters into small pieces.
There is a staircase leading out of the dungeon here.
You have escaped!

#.# #........#### #.## ..#
#....######.# #.#. ..# #....#
#.# #.#. ..# #....# ##.##
#######.#. ..####....# #...#
#......... ..........# #...#
#.....)... ..#####...#####...##
#......... #.###
####..##.....### #####...#.
#...#### ##.....@....## #..###.
###....## #.##.....#..### #.##
##
####..###.###...###...###.#####
#......# #...# ###..........
#......# #...#####..........
#......# ##.###..'..........
#......####.#...##..........
#.........#.#.####.........[
#.......#.###.# #..........


There were no monsters in sight!

Vanquished Creatures
  the Royal Jelly (Slime:5)
  A seraph (Zot:5)
  2 dread liches (Zot:5)
  3 ancient liches
  Mennas (Vaults:4)
  7 orbs of fire (Zot:5)
  Mara (Depths:3)
  The ghost of Ivui the Gargoyle Porcupine, a legendary GrMo of Okawaru (Zot:4)
  4 caustic shrikes
  A pandemonium lord (Depths:1)
  9 Killer Klowns
  11 golden dragons
  A bone dragon (Depths:4)
  Nikola (Elf:1)
  2 electric golems (Zot:5)
  4 Ice Fiends
  Jorgrun (Elf:2)
  Mlioglotl (Shoals:1)
  2 deep elf blademasters (Elf:3)
  The ghost of Catuneh the Warrior, an adept MiFi of the Shining One (Elf:1)
  26 Orb Guardians
  13 tentacled monstrosities
  2 deep elf master archers (Elf:3)
  6 quicksilver dragons
  23 acid blobs
  3 titans
  2 ancient champions (Crypt:1)
  Polyphemus (Shoals:2)
  10 sphinxes
  Frances (Snake:1)
  10 shadow dragons
  5 death cobs
  7 draconian monks
  10 storm dragons
  7 azure jellies
  Ilsuiw (Shoals:3)
  4 nagarajas (Snake:4)
  An azure jelly (shapeshifter) (Depths:4)
  13 rockslimes
  8 draconian scorchers
  10 fire giants
  5 draconian knights
  14 frost giants
  4 deep elf sorcerers (Elf:3)
  16 ironbound preservers
  12 vault wardens
  2 orc warlords
  3 ghost moths
  2 ghouls (Crypt:1)
  3 draconian stormcallers
  8 draconian shifters
  A ghost moth (shapeshifter) (Vaults:2)
  7 draconian annihilators
  2 deep elf elementalists (Elf:3)
  3 spriggan defenders
  2 angels
  12 formless jellyfish
  5 war gargoyles
  A juggernaut skeleton (Depths:1)
  16 quicksilver oozes
  5 ironbound thunderhulks
  8 green draconians
  11 very ugly things
  8 vampire knights
  11 stone giants
  2 deep elf annihilators
  Azrael (Orc:1)
  12 black draconians
  2 lorocyprocas
  10 purple draconians
  6 deep elf demonologists
  12 yellow draconians
  21 dire elephants
  12 red draconians
  A minotaur (Gauntlet)
  5 deep elf death magi (Elf:3)
  6 merfolk javelineers (Shoals:4)
  17 white draconians
  9 fire dragons
  2 eidola (Crypt:1)
  2 deep elf high priests (Elf:3)
  A blizzard demon (Depths:3)
  2 crystal guardians
  2 entropy weavers
  19 ettins
  9 great orbs of eyes
  9 merfolk impalers
  6 yaktaur captains
  14 hydras
  4 jiangshi (Crypt:1)
  2 salamander tyrants (Snake:4)
  14 vault guards
  9 ice dragons
  7 rakshasas
  A caustic shrike simulacrum (IceCv)
  3 spriggan air magi
  5 peacekeepers
  3 merfolk aquamancers
  An alligator snapping turtle (shapeshifter) (Depths:1)
  4 merfolk avatars
  2 boulder beetles
  12 anacondas
  2 catoblepae
  A demonspawn (Orc:2)
  3 death knights
  17 centaur warriors
  10 dancing weapons
  A titan zombie (Depths:1)
  5 two-headed ogres
  8 death yaks
  3 satyrs
  4 vampire magi
  5 alligator snapping turtles
  17 ironbound frosthearts
  10 tengu warriors
  11 naga warriors
  8 deep troll earth magi
  17 naga sharpshooters
  6 deep troll shamans
  2 spriggan berserkers (Depths:4)
  5 orc high priests (Orc:2)
  15 hell knights
  8 deep elf knights
  9 shock serpents
  2 sun demons
  15 iron trolls
  3 skysharks
  6 salamander mystics
  3 shadow wraiths (Depths:3)
  A sixfirhy (Lair:5)
  2 glowing orange brains
  2 cherubim (Zot:5)
  6 skeletal warriors
  36 deep trolls
  A spark wasp zombie (Depths:1)
  7 sea snakes
  8 deep elf archers
  A shadow demon (D:8)
  9 wizards
  A storm dragon skeleton (Depths:1)
  A golden dragon skeleton (Depths:2)
  An obsidian statue (IceCv)
  A bog body (IceCv)
  5 flayed ghosts
  6 naga ritualists
  18 ironbound convokers
  34 harpies
  2 lindwurms
  2 tengu zombies
  11 orc knights
  17 deep elf pyromancers
  10 spriggan simulacra
  Pikel (D:4)
  7 phantasmal warriors
  20 deep elf zephyrmancers
  10 fauns
  16 mana vipers
  2 anaconda skeletons (Volcano)
  9 orc sorcerers
  23 manticores
  An oklob plant (Lair:1)
  An eleionoma zombie (Crypt:1)
  12 necromancers
  A sphinx skeleton (Depths:1)
  24 salamanders
  An iron dragon zombie (Crypt:1)
  3 stone giant zombies
  A shadow dragon skeleton (Depths:1)
  16 ugly things
  4 shining eyes
  An eleionoma skeleton (Crypt:1)
  16 elephants (Lair:5)
  13 cyclopes
  A frost giant skeleton (Depths:1)
  30 moths of wrath
  38 black mambas
  8 merfolk sirens
  8 guardian serpents
  17 naga magi
  An iron dragon skeleton (Depths:2)
  7 water nymphs
  13 cane toads
  3 eyes of devastation
  15 vault sentinels
  Joseph (Lair:1)
  3 rust devils
  3 smoke demons (Depths:2)
  An ice statue (Gauntlet)
  4 orange demons
  8 gargoyles
  15 komodo dragons
  2 torpor snails
  An unseen horror (D:12)
  8 rime drakes
  2 freezing wraiths (D:14)
  A dire elephant skeleton (Crypt:1)
  6 kobold demonologists
  30 yaktaurs
  Maggie (Lair:2)
  An efreet (Zot:3)
  14 ice devils
  2 anaconda simulacra (IceCv)
  4 tengu conjurers
  2 golden dragon simulacra
  14 trolls
  A hellwing (Lair:5)
  A red devil (Lair:5)
  31 merfolk
  3 polar bears (Lair:5)
  A queen bee (shapeshifter) (Depths:2)
  A spriggan skeleton (Depths:2)
  12 wind drakes
  A harpy skeleton (Volcano)
  Prince Ribbit (D:5)
  5 hornets (Depths:4)
  A raiju (shapeshifter) (D:15)
  101 slime creatures
  28 blink frogs
  16 dream sheep
  9 snapping turtles
  3 alligator skeletons (Volcano)
  An ice dragon skeleton (Crypt:1)
  5 spriggans (Depths:4)
  Sigmund (D:2)
  3 air elementals
  7 flying skulls
  A shadow (D:12)
  3 vampires (Vaults:2)
  4 wyverns
  A dire elephant simulacrum (IceCv)
  5 wraiths
  8 fire elementals
  3 hogs (D:13)
  2 humans
  33 water elementals
  43 yaks
  12 golden eyes
  5 basilisks
  A steam dragon (D:8)
  2 redbacks (Vaults:3)
  7 minotaur simulacra (IceCv)
  2 chaos spawn
  2 harpy simulacra (IceCv)
  4 vampire mosquitoes (D:11)
  A small abomination (Depths:1)
  5 wargs
  34 nagas
  2 acid dragons
  21 water moccasins
  13 hell hounds
  A floating eye (Slime:5)
  5 black bears
  3 ice beasts
  A glowing shapeshifter skeleton (Depths:2)
  37 orc warriors
  A sky beast (D:8)
  3 alligator simulacra (IceCv)
  2 ettin simulacra (IceCv)
  5 boggarts (D:14)
  3 wolves (Lair:2)
  A hog zombie (Crypt:1)
  12 ogres
  18 centaurs
  2 phantoms
  2 kobold brigands
  12 bullfrogs
  A necrophage (Crypt:1)
  2 gnoll sergeants
  4 scorpions
  4 deep troll simulacra (IceCv)
  6 earth elementals (Elf:2)
  4 wights (D:7)
  A hornet simulacrum (D:15)
  13 killer bees
  A lindwurm simulacrum (IceCv)
  9 electric eels
  3 howler monkeys (D:9)
  3 troll skeletons
  6 hounds
  2 jellies
  25 orc priests
  A human zombie (Crypt:1)
  A sleepcap (D:5)
  Natasha (twice) (D:3)
  A gnoll bouda (D:5)
  A hell rat (Depths:2)
  3 iguanas
  21 orc wizards
  3 naga skeletons (Volcano)
  A mummy (D:10)
  Robin (D:3)
  16 adders
  13 gnolls
  A river rat (D:4)
  2 shadow imps
  3 white imps
  6 ufetubi
  4 worms
  3 dart slugs
  69 orcs
  11 ball pythons
  7 endoplasms
  7 giant cockroaches
  18 goblins
  11 hobgoblins
  3 jackals (D:3)
  9 quokkas
  8 bats
  11 frilled lizards
  22 kobolds
  3 rats
2352 creatures vanquished.

Vanquished Creatures (others)
  An orc priest (Vaults:3)
1 creature vanquished.

Grand Total: 2353 creatures vanquished

Notes
Turn   | Place    | Note
-------+----------+-------------------------------------------
     0 | D:1      | kush the Human Air Elementalist began the quest for the
                  | Orb.
     0 | D:1      | Reached XP level 1. HP: 13/13 MP: 3/3
   307 | D:1      | Reached XP level 2. HP: 19/19 MP: 1/5
   905 | D:1      | Reached XP level 3. HP: 24/24 MP: 4/6
   975 | D:1      | Learned a level 3 spell: Swiftness
  1339 | D:2      | Found a faded altar of an unknown god.
  1387 | D:2      | Noticed Sigmund
  1546 | D:2      | Reached skill level 4 in Air Magic
  1623 | D:3      | Reached XP level 4. HP: 11/30 MP: 1/8
  1767 | D:3      | Learned a level 4 spell: Airstrike
  2846 | D:3      | Noticed Natasha
  3208 | D:3      | Reached XP level 5. HP: 28/35 MP: 6/9
  3544 | D:4      | Noticed a lemure
  3572 | D:5      | Entered Level 5 of the Dungeon
  3588 | D:4      | Reached skill level 5 in Air Magic
  3618 | D:4      | Found a broken altar of Ashenzari.
  3746 | D:4      | Reached XP level 6. HP: 41/41 MP: 5/10
  3818 | D:4      | Found a glowing drain.
  3829 | Sewer    | Entered a sewer
  3887 | Sewer    | Learned a level 2 spell: Static Discharge
  5339 | D:4      | Reached skill level 6 in Air Magic
  5447 | D:4      | Found an opulent altar of Gozag.
  5447 | D:4      | Noticed Pikel
  5469 | D:4      | Killed Pikel
  5470 | D:4      | Reached skill level 8 in Air Magic
  5470 | D:4      | Reached XP level 7. HP: 45/46 MP: 0/11
  5631 | D:4      | Reached XP level 8. HP: 52/52 MP: 9/13
  5753 | D:4      | Found a shadowy altar of Dithmenos.
  6350 | D:5      | Found a staircase to the Ecumenical Temple.
  6360 | D:5      | Reached skill level 9 in Air Magic
  6384 | Temple   | Entered the Ecumenical Temple
  6392 | Temple   | Became a worshipper of Sif Muna the Loreminder
  6425 | D:5      | Noticed Prince Ribbit
  6428 | D:5      | Killed Prince Ribbit
  6594 | D:5      | Reached XP level 9. HP: 57/57 MP: 8/16
  7206 | D:5      | Reached * piety under Sif Muna
  7319 | D:5      | Reached skill level 10 in Air Magic
  7626 | D:6      | Reached skill level 5 in Spellcasting
  7923 | D:6      | Learned a level 3 spell: Inner Flame
  8354 | D:6      | Reached skill level 1 in Fire Magic
  8408 | D:6      | Reached skill level 1 in Fighting
  8878 | D:7      | Reached ** piety under Sif Muna
  9128 | D:7      | Reached skill level 1 in Hexes
  9128 | D:7      | Reached XP level 10. HP: 68/68 MP: 4/19
  9420 | D:7      | Identified the ring "Wyruvo" {Fly rPois}
  9544 | D:3      | Killed Natasha
  9641 | D:3      | Noticed Natasha
  9645 | D:3      | Killed Natasha
  9669 | D:3      | Noticed Robin
  9672 | D:3      | Killed Robin
  9895 | D:2      | Killed Sigmund
 10409 | D:8      | Found Wantiesk's Antique Weapon Boutique.
 10486 | D:8      | Found Qeihull's Magic Scroll Shoppe.
 10490 | D:8      | Bought a scroll of teleportation for 45 gold pieces
 10490 | D:8      | Bought a scroll of teleportation for 45 gold pieces
 10490 | D:8      | Bought a scroll of teleportation for 45 gold pieces
 10572 | D:8      | Found Xaimodofo's Antique Armour Shop.
 10693 | D:8      | Identified the +4 dagger of Plunder {pain, rC++}
 10713 | D:8      | Found Jooq's Assorted Antiques.
 11111 | D:8      | Found Soruxen's Book Boutique.
 11245 | D:9      | Reached skill level 5 in Fighting
 11312 | D:9      | You fall into a shaft and drop 1 floor!
 11312 | D:10     | Entered Level 10 of the Dungeon
 11333 | D:9      | Reached *** piety under Sif Muna
 11598 | D:9      | Found a staircase to the Lair.
 11645 | D:9      | Reached XP level 11. HP: 70/81 MP: 14/23
 11728 | D:9      | Found a blossoming altar of Fedhas.
 11728 | D:9      | Found a shimmering altar of Xom.
 12077 | D:10     | Found a burning altar of Makhleb.
 12218 | D:10     | Reached skill level 1 in Armour
 12378 | D:10     | Found a snail-covered altar of Cheibriados.
 12439 | D:10     | Noticed a sixfirhy
 12583 | D:10     | Found Qemotoan's Superior Scales.
 12688 | D:10     | Reached **** piety under Sif Muna
 12799 | D:10     | Found a sacrificial altar of Ru.
 13503 | D:11     | Noticed a cyclops
 13891 | D:11     | Noticed a cyclops
 13894 | D:11     | Killed a cyclops
 13895 | D:11     | Reached skill level 1 in Invocations
 14423 | D:11     | Killed a cyclops
 14903 | Lair:1   | Entered Level 1 of the Lair of Beasts
 15090 | Lair:1   | Reached XP level 12. HP: 92/92 MP: 10/25
 15120 | Lair:1   | Reached skill level 10 in Spellcasting
 15455 | Lair:1   | Noticed Joseph
 15458 | Lair:1   | Killed Joseph
 15490 | Lair:1   | Found a snail-covered altar of Cheibriados.
 15713 | Lair:1   | Reached skill level 5 in Invocations
 15971 | Lair:1   | Reached ***** piety under Sif Muna
 16319 | Lair:2   | You fall into a shaft and drop 1 floor!
 16470 | Lair:2   | Found a staircase to the Snake Pit.
 16618 | Lair:2   | Noticed a skyshark
 16622 | Lair:2   | Killed a skyshark
 16704 | Lair:2   | Reached XP level 13. HP: 101/101 MP: 10/28
 16966 | Lair:2   | Noticed Maggie
 16969 | Lair:2   | Killed Maggie
 17364 | Lair:2   | Received a gift from Sif Muna
 17365 | Lair:2   | Got Sif Muna's Almanac of the Bonfire and Blasting {god
                  | gift}
 17372 | Lair:2   | Learned a level 5 spell: Arcjolt
 17647 | Lair:2   | Reached skill level 10 in Fighting
 17721 | Lair:2   | Found a runed translucent door.
 17721 | Lair:2   | Noticed a reaper
 18053 | Lair:3   | Found a staircase to the Shoals.
 18658 | Lair:4   | Noticed a seven-headed hydra
 18662 | Lair:4   | Killed a seven-headed hydra
 18992 | Lair:4   | Reached skill level 5 in Conjurations
 19089 | Lair:4   | Noticed a six-headed hydra
 19505 | Lair:4   | Killed a six-headed hydra
 19611 | Lair:4   | Noticed a five-headed hydra
 19617 | Lair:4   | Killed a five-headed hydra
 20019 | Lair:4   | Reached XP level 14. HP: 110/110 MP: 6/30
 20470 | Lair:5   | Entered Level 5 of the Lair of Beasts
 20736 | Lair:5   | Reached skill level 11 in Air Magic
 22366 | D:12     | Reached skill level 10 in Invocations
 23099 | D:12     | Received a gift from Sif Muna
 23342 | D:12     | Reached skill level 12 in Air Magic
 23409 | D:12     | Found a staircase to the Orcish Mines.
 23526 | D:12     | Learned a level 3 spell: Mephitic Cloud
 23543 | Orc:1    | Entered Level 1 of the Orcish Mines
 23810 | Orc:1    | Found a dark tunnel.
 23822 | Volcano  | Entered a volcano
 25421 | Orc:2    | Entered Level 2 of the Orcish Mines
 25503 | Orc:2    | Noticed Azrael
 25679 | D:13     | Found a gate to the Vaults.
 25822 | D:13     | Reached XP level 15. HP: 115/115 MP: 24/32
 25960 | D:13     | Identified the +4 trident of the Winnowing Gods {antimagic,
                  | Int+3 Dex+5}
 26210 | D:13     | Received a gift from Sif Muna
 26212 | D:13     | Got Sif Muna's Incunabulum of Arenous Turbulence {god gift}
 26238 | D:13     | Got the Octavo of Sand
 26688 | D:13     | Got the Atlas of Axaxaxas mlö
 26695 | D:13     | Got the Cyclopedia of Combed Thunderclap
 26703 | D:13     | Learned a level 6 spell: Plasma Beam
 26876 | D:8      | Bought the +3 hat of Pondering {ponderous, Will+ MP+10
                  | Int+5} for 990 gold pieces
 26876 | D:8      | Found the +3 hat of Pondering {ponderous, Will+ MP+10
                  | Int+5}
 27141 | D:13     | Found a runed translucent gate.
 27141 | D:13     | Found a runed translucent gate.
 27142 | D:13     | Found a runed translucent gate.
 27143 | D:13     | Noticed Mithras's ghost (journeyman TrSh)
 27579 | D:14     | Found a gate leading to a gauntlet.
 27584 | Gauntlet | Entered a Gauntlet
 27584 | Gauntlet | Found a transporter.
 27584 | Gauntlet | Found a transporter.
 27588 | Gauntlet | Found a transporter.
 27589 | Gauntlet | Found a transporter.
 27590 | Gauntlet | Found a large runed translucent door.
 27591 | Gauntlet | Found a large runed translucent door.
 27592 | Gauntlet | Found a large runed translucent door.
 27592 | Gauntlet | Found a large runed translucent door.
 27592 | Gauntlet | Found a runed translucent door.
 27593 | Gauntlet | Found a large runed translucent door.
 27594 | Gauntlet | Found a large runed translucent door.
 27595 | Gauntlet | Found a large runed translucent door.
 27595 | Gauntlet | Found a large runed translucent door.
 27597 | Gauntlet | Found a runed translucent gate.
 27599 | Gauntlet | Found a transporter.
 27603 | Gauntlet | Found a transporter.
 27615 | Gauntlet | Found a transporter.
 27700 | Gauntlet | Found a transporter.
 27704 | Gauntlet | Found a transporter.
 27706 | Gauntlet | Found a large runed translucent door.
 27707 | Gauntlet | Found a large runed translucent door.
 27708 | Gauntlet | Found a large runed translucent door.
 27708 | Gauntlet | Found a large runed translucent door.
 27708 | Gauntlet | Found a runed translucent door.
 27709 | Gauntlet | Found a large runed translucent door.
 27710 | Gauntlet | Found a large runed translucent door.
 27711 | Gauntlet | Found a large runed translucent door.
 27711 | Gauntlet | Found a large runed translucent door.
 27712 | Gauntlet | Found a runed translucent gate.
 27712 | Gauntlet | Found a runed translucent gate.
 27714 | Gauntlet | Found a transporter.
 27718 | Gauntlet | Found a transporter.
 27728 | Gauntlet | Found a transporter.
 28028 | Gauntlet | Identified the +2 helmet of the Everdark {rN++ Will- Str+3}
 28102 | Gauntlet | Identified the +2 robe of Mirth {rN+}
 28107 | Gauntlet | Got Lom Lobon's Discursus on Superposition
 28591 | D:14     | Reached skill level 5 in Fire Magic
 29098 | D:14     | Reached skill level 13 in Air Magic
 29550 | Orc:1    | Killed Azrael
 29796 | Orc:1    | Noticed an orc warlord
 29811 | Orc:1    | Killed an orc warlord
 29981 | Orc:2    | Found Koehutyirph's Assorted Antiques.
 30009 | Orc:2    | Bought a scroll labelled IMEV CAARUA for 25 gold pieces
 30174 | Orc:2    | Found a staircase to the Elven Halls.
 30632 | Orc:2    | Found Roikluext's Book Boutique.
 30635 | Orc:2    | Found Gahufouw's Magic Scroll Shop.
 30651 | Orc:2    | Found Rotiq's Magic Scroll Shoppe.
 30877 | Orc:2    | Found Oges's Magic Scroll Emporium.
 30879 | Orc:2    | Found Julopp's Magic Scroll Shoppe.
 30903 | Orc:2    | Received a gift from Sif Muna
 30905 | Orc:2    | Got Sif Muna's Secrets of Malediction and the Dose {god
                  | gift}
 30910 | Orc:2    | Bought a scroll of noise for 15 gold pieces
 30913 | Orc:2    | Bought a scroll of blinking for 105 gold pieces
 30913 | Orc:2    | Bought a scroll of teleportation for 42 gold pieces
 30950 | Orc:2    | Reached XP level 16. HP: 122/122 MP: 34/34
 31048 | Orc:2    | Found Xyonk's Assorted Antiques.
 31052 | Orc:2    | Bought an encrusted tourmaline ring for 105 gold pieces
 31447 | Orc:2    | Reached skill level 14 in Air Magic
 31565 | Orc:2    | Found Feguetimye's Jewellery Shop.
 31565 | Orc:2    | Found a one-way gate leading to the halls of Pandemonium.
 31565 | Orc:2    | Found Idghauryv's Antique Weapon Boutique.
 31665 | Orc:2    | Found a shimmering blue altar of Sif Muna.
 31793 | D:12     | Upgraded the game from 0.31-a0-344-gd109795599 to
                  | 0.31-a0-348-g810772c3d7
 31898 | D:12     | Learned a level 8 spell: Maxwell's Capacitive Coupling
 31906 | D:12     | Learned a level 5 spell: Freezing Cloud
 31989 | D:15     | Entered Level 15 of the Dungeon
 32365 | D:15     | Reached skill level 1 in Shields
 33118 | D:15     | Found a white marble altar of Elyvilon.
 33262 | D:15     | Found a staircase to the Depths.
 33370 | D:15     | Reached skill level 15 in Air Magic
 34204 | Snake:1  | Entered Level 1 of the Snake Pit
 34680 | Snake:1  | Noticed Frances
 35002 | Shoals:1 | Entered Level 1 of the Shoals
 35025 | Shoals:1 | Reached skill level 5 in Dodging
 35300 | Shoals:1 | Noticed Mlioglotl
 35305 | Shoals:1 | Killed Mlioglotl
 35604 | Shoals:1 | Reached skill level 5 in Armour
 35604 | Shoals:1 | Reached XP level 17. HP: 128/128 MP: 1/35
 35832 | Shoals:1 | Received a gift from Sif Muna
 35849 | Shoals:1 | Got Sif Muna's Almanac of Displaced Maleficent Secrets {god
                  | gift}
 36019 | D:8      | Bought a manual of Spellcasting for 800 gold pieces
 36274 | Shoals:1 | Identified the +9 rapier of Freehold {elec, Fly Int+5
                  | Stlth+}
 36361 | Shoals:1 | Reached skill level 16 in Air Magic
 37711 | Shoals:2 | Noticed Polyphemus
 37720 | Shoals:2 | Killed Polyphemus
 38128 | Shoals:3 | Noticed Ilsuiw
 38134 | Shoals:3 | Found a frozen archway.
 38144 | IceCv    | Entered an ice cave
 38588 | IceCv    | Received a gift from Sif Muna
 38591 | IceCv    | Got Sif Muna's Reference Book on the Mausoleum and Erosion
                  | {god gift}
 38602 | IceCv    | Reached skill level 15 in Spellcasting
 38743 | IceCv    | Reached skill level 17 in Air Magic
 39397 | IceCv    | Noticed an Ice Fiend
 39399 | IceCv    | Killed an Ice Fiend
 40530 | Shoals:3 | Reached XP level 18. HP: 102/132 MP: 31/37
 41078 | Shoals:3 | Killed Ilsuiw
 41078 | Shoals:3 | Received a gift from Sif Muna
 41398 | Shoals:4 | Entered Level 4 of the Shoals
 41563 | Shoals:4 | Reached skill level 5 in Shields
 42349 | Shoals:4 | Reached skill level 18 in Air Magic
 42690 | Shoals:4 | Received a gift from Sif Muna
 42714 | Shoals:4 | Got Sif Muna's Grimoire of Bruises {god gift}
 42723 | Shoals:4 | Learned a level 5 spell: Fireball
 42839 | Shoals:4 | Identified a scroll of acquirement
 43118 | Shoals:4 | Got a barnacled rune of Zot
 43289 | Shoals:4 | Found the +2 hood of the Assassin {Detect Stab+ Stlth++}
 43748 | Snake:1  | Killed Frances
 43980 | Snake:1  | Found Papih's Jewellery Shoppe.
 43981 | Snake:1  | Found Wozem's Book Boutique.
 43983 | Snake:1  | Found Saph's Jewellery Shoppe.
 44686 | Snake:2  | You are sucked into a shaft and drop 1 floor!
 44696 | Snake:3  | Reached XP level 19. HP: 130/142 MP: 27/39
 45399 | Snake:2  | Found Leuciwot's Jewellery Emporium.
 46144 | Snake:3  | Received a gift from Sif Muna
 46145 | Snake:3  | Got Sif Muna's Atlas of Conjuration and Topomancy {god
                  | gift}
 46623 | Snake:3  | Identified the +1 chain mail "Jyppis" {Fly rN+ Int+2 Dex-3}
 46626 | Snake:3  | Reached skill level 19 in Air Magic
 47393 | Snake:4  | Entered Level 4 of the Snake Pit
 49162 | Snake:4  | Received a gift from Sif Muna
 49172 | Snake:4  | Got Eneppo Ytiyg's Directory of Fulmination {god gift}
 49581 | Snake:4  | Reached XP level 20. HP: 152/152 MP: 24/41
 50429 | Snake:4  | Got a serpentine rune of Zot
 50849 | Elf:1    | Entered Level 1 of the Elven Halls
 50864 | Elf:1    | Reached skill level 20 in Air Magic
 51083 | Elf:1    | Found a runed translucent gate.
 51083 | Elf:1    | Found a runed translucent gate.
 51083 | Elf:1    | Found a runed translucent gate.
 51088 | Elf:1    | Noticed Catuneh's ghost (adept MiFi)
 51089 | Elf:1    | Found the +3 robe of Clouds {*Thunder rCloud rElec}
 51095 | Elf:1    | Found a shimmering blue altar of Sif Muna.
 51435 | Elf:1    | Noticed Nikola
 51440 | Elf:1    | Killed Nikola
 51914 | Elf:1    | Found an iron altar of Okawaru.
 51914 | Elf:1    | Identified the -8 robe of Recklessness {rElec Will++
                  | Slay+2}
 52027 | Elf:2    | Noticed Jorgrun
 52033 | Elf:2    | Killed Jorgrun
 52240 | Elf:2    | Learned a level 2 spell: Blink
 52344 | Elf:2    | Received a gift from Sif Muna
 52345 | Elf:2    | Got Sif Muna's Directory of Curses and Rallying {god gift}
 52377 | Elf:2    | Reached skill level 1 in Translocations
 52841 | Elf:2    | Paralysed by an air elemental for 1 turns
 52865 | Elf:2    | Reached skill level 10 in Shields
 53097 | Elf:2    | Got Sif Muna's Information on the Plateau
 53675 | Elf:2    | Found a runed translucent gate.
 53677 | Elf:2    | Found a runed translucent gate.
 53682 | Elf:2    | Found a runed translucent gate.
 54250 | Elf:3    | Entered Level 3 of the Elven Halls
 56937 | Elf:3    | Reached XP level 21. HP: 163/163 MP: 41/43
 56955 | Elf:3    | Identified the ring of Yesterday {+Blink rPois Will- rCorr
                  | AC+4}
 57096 | Elf:3    | Identified the +3 plate armour of the Miller {Int+3}
 57126 | Elf:3    | Identified the +2 scale mail of Apathy {+Inv Str+5}
 57144 | Elf:3    | Identified the +8 broad axe "Pyfa" {holy, Str+3}
 57144 | Elf:3    | Identified the +1 leather armour of Dyspraxia {Drain +Blink
                  | rPois rN++}
 57150 | Elf:3    | Found the ring of the Octopus King {Wiz HP+2 AC+2 EV+2
                  | SH+2}
 57291 | Elf:3    | Got the Information on Iniquitous Rites and Fog
 57293 | Elf:3    | Identified the staff "Xenkeo" {+Blink rElec rPois Str+4
                  | Air}
 57308 | Elf:3    | Identified the +1 dagger of Nedoc {holy, rPois rF+++ rCorr
                  | Stlth-}
 57316 | Elf:3    | Identified the +0 kite shield of Autumn {Slay+2}
 57372 | Elf:3    | Got the Tome of the Snow-white Faeries
 57376 | Elf:3    | Identified the +0 scale mail "Trusted Companion" {-Tele
                  | rPois Stlth+}
 57439 | Elf:3    | Acquired 860 gold pieces
 58152 | Elf:1    | Received a gift from Sif Muna
 58162 | Elf:1    | Killed Catuneh's ghost
 58164 | Elf:1    | Got Sif Muna's Further Steps in Wizardry {god gift}
 58305 | Elf:1    | Identified the amulet "Napnan Toffa" {RegenMP Slay+2}
 58307 | Elf:1    | Identified the +3 scimitar of a Million Ziggurats {spect,
                  | rElec rC+}
 58471 | Vaults:1 | Entered Level 1 of the Vaults
 59953 | Vaults:1 | Learned a level 6 spell: Leda's Unmaking
 60945 | Vaults:2 | Found Heeceadwi's Assorted Antiques.
 60948 | Vaults:2 | Bought a scroll of fear for 88 gold pieces
 60948 | Vaults:2 | Bought a potion of curing for 66 gold pieces
 61002 | Vaults:2 | Reached skill level 1 in Earth Magic
 61578 | Vaults:2 | Reached skill level 10 in Conjurations
 61932 | Vaults:2 | Found a staircase to the Crypt.
 61998 | Vaults:2 | Reached XP level 22. HP: 173/173 MP: 5/44
 62050 | Vaults:2 | Received a gift from Sif Muna
 62051 | Vaults:2 | Got Sif Muna's Discourse on Kinetic Cadavers {god gift}
 62093 | Vaults:2 | Reached skill level 5 in Earth Magic
 62402 | Vaults:2 | Found Muguaddo's Assorted Antiques.
 62950 | Vaults:2 | Found Ewutzef's Antique Weapon Shop.
 63885 | Vaults:3 | Reached skill level 1 in Evocations
 64459 | Vaults:3 | Received a gift from Sif Muna
 64631 | Vaults:3 | Learned a level 7 spell: Orb of Destruction
 65007 | Vaults:4 | Found Ucoycw's Weapon Emporium.
 65077 | Vaults:4 | Found Ecvia's Antique Weapon Boutique.
 65294 | Vaults:4 | Found Bethrowo's General Store.
 65303 | Vaults:4 | Bought a scroll of teleportation for 54 gold pieces
 65399 | Vaults:4 | Noticed Mennas
 65403 | Vaults:4 | Killed Mennas
 65404 | Vaults:4 | Reached XP level 23. HP: 179/179 MP: 45/45
 65549 | Vaults:4 | Found Uxiuntao's Magic Scroll Boutique.
 65555 | Vaults:4 | Found Ajelogou's Magic Scroll Shoppe.
 65563 | Vaults:4 | Bought a scroll of blinking for 105 gold pieces
 65563 | Vaults:4 | Bought a scroll of revelation for 105 gold pieces
 65576 | Vaults:4 | Bought a scroll of teleportation for 60 gold pieces
 65874 | Vaults:4 | Received a gift from Sif Muna
 65875 | Vaults:4 | Got Sif Muna's Vellum of the Winter and Elsewhere {god
                  | gift}
 65890 | Vaults:4 | Reached skill level 5 in Evocations
 66319 | Vaults:4 | Reached skill level 15 in Fighting
 67249 | Depths:1 | Entered Level 1 of the Depths
 67860 | Depths:1 | Found a gateway to Hell.
 67871 | Depths:1 | Received a gift from Sif Muna
 68323 | Depths:1 | Reached skill level 15 in Invocations
 68373 | Depths:1 | Found a one-way gate to the infinite horrors of the Abyss.
 68446 | Depths:2 | Found Darchaf's Magic Scroll Emporium.
 68766 | Depths:2 | Reached XP level 24. HP: 144/188 MP: 11/45
 68975 | Depths:2 | Bought a scroll of teleportation for 57 gold pieces
 68975 | Depths:2 | Bought a scroll of blinking for 142 gold pieces
 68975 | Depths:2 | Bought a scroll of revelation for 142 gold pieces
 69029 | Depths:2 | Found a stormy altar of Qazlal.
 69488 | Snake:1  | Bought the ring "Puina" {rPois Int+2 Dex+2 SInv} for 588
                  | gold pieces
 69988 | Depths:2 | Received a gift from Sif Muna
 69992 | Depths:2 | Got Sif Muna's Reference Book on Chilblains and
                  | Transposition {god gift}
 70049 | Depths:2 | Reached skill level 10 in Armour
 70504 | Depths:2 | Reached ****** piety under Sif Muna
 70686 | Depths:2 | Found a one-way gateway to a ziggurat.
 71447 | Depths:3 | Noticed Mara
 71456 | Depths:3 | Killed Mara
 71477 | Depths:3 | Received a gift from Sif Muna
 71862 | Depths:3 | Noticed a golden dragon
 71871 | Depths:3 | Killed a golden dragon
 72731 | Depths:3 | Reached skill level 15 in Conjurations
 73197 | Depths:3 | Reached skill level 21 in Air Magic
 73215 | Depths:3 | Identified the ring of Ojunoj {rN+ Int+6}
 73223 | Depths:3 | Identified the +5 plate armour of the Arcane {rElec Int+4
                  | SInv}
 73369 | Depths:4 | Entered Level 4 of the Depths
 73376 | Depths:4 | Found Huyri's Assorted Antiques.
 73446 | Depths:4 | Noticed a caustic shrike
 73449 | Depths:4 | Noticed a caustic shrike
 73450 | Depths:4 | Killed a caustic shrike
 73450 | Depths:4 | Noticed a caustic shrike
 73450 | Depths:4 | Noticed a caustic shrike
 73454 | Depths:4 | Killed a caustic shrike
 73936 | Depths:3 | Killed a caustic shrike
 73944 | Depths:3 | Killed a caustic shrike
 73945 | Depths:3 | Reached XP level 25. HP: 194/194 MP: 37/45
 74870 | Depths:3 | Learned a level 4 spell: Iskenderun's Mystic Blast
 74970 | Depths:4 | Received a gift from Sif Muna
 74971 | Depths:4 | Reached skill level 10 in Evocations
 75111 | Depths:4 | Got Sif Muna's Handbook of Forceful Thunder {god gift}
 76065 | Depths:4 | Reached skill level 22 in Air Magic
 76129 | Depths:4 | Found a gate to the Realm of Zot.
 76251 | Depths:4 | Bought a scroll of amnesia for 128 gold pieces
 76251 | Depths:4 | Bought a potion of curing for 96 gold pieces
 76251 | Depths:4 | Found Joj Ukk's Assorted Antiques.
 76395 | Depths:4 | Found a faded altar of an unknown god.
 76395 | Depths:4 | Found a faded altar of an unknown god.
 76397 | Depths:4 | Found a hazy altar of Hepliaklqana.
 76885 | Vaults:4 | Acquired the +0 pair of boots "Kochyrgh" {Regen+ Int+3}
 77145 | Orc:2    | Bought a scroll of brand weapon for 142 gold pieces
 77145 | Orc:2    | Bought a scroll of teleportation for 45 gold pieces
 77145 | Orc:2    | Bought a scroll of revelation for 112 gold pieces
 77153 | Orc:2    | Bought a scroll of revelation for 127 gold pieces
 77153 | Orc:2    | Bought a scroll of teleportation for 51 gold pieces
 77153 | Orc:2    | Bought a scroll of amnesia for 68 gold pieces
 77153 | Orc:2    | Bought a scroll of teleportation for 51 gold pieces
 77192 | Orc:2    | Bought a scroll of teleportation for 75 gold pieces
 77192 | Orc:2    | Bought a potion of curing for 75 gold pieces
 77352 | Vaults:5 | Entered Level 5 of the Vaults
 77352 | Vaults:5 | Noticed Boris
 78631 | Lair:5   | Found a staircase to the Slime Pits.
 78965 | Lair:5   | Found a burning altar of Makhleb.
 78977 | Lair:5   | Received a gift from Sif Muna
 78979 | Lair:5   | Got Sif Muna's Octavo of Amorphous Power {god gift}
 79055 | Lair:5   | Identified the +10 morningstar of Luadwez {heavy, Dex+3}
 79130 | Slime:1  | Entered Level 1 of the Pits of Slime
 80376 | Slime:5  | Entered Level 5 of the Pits of Slime
 80498 | Slime:5  | Reached skill level 23 in Air Magic
 80624 | Slime:5  | Reached XP level 26. HP: 187/201 MP: 16/45
 81138 | Slime:5  | Paralysed by a floating eye for 4 turns
 81483 | Slime:5  | Noticed the Royal Jelly
 81488 | Slime:5  | Killed the Royal Jelly
 81615 | Slime:4  | Received a gift from Sif Muna
 81616 | Slime:4  | Got Sif Muna's Notes on Filthy Locality {god gift}
 83002 | Slime:5  | Found the +12 glaive of Prune {freeze, Prune}
 83021 | Slime:5  | Identified the +6 demon blade of Drought {freeze, Drain
                  | Dex+5}
 83027 | Slime:5  | Got a slimy rune of Zot
 83028 | Slime:5  | Identified the +0 spear of the Warrior-Mage {pain, rPois
                  | rN+++ rCorr Int-2}
 83038 | Slime:5  | Identified the +4 morningstar of Pain and Death {flame,
                  | Int+4}
 83045 | Slime:5  | Identified the +3 quarterstaff of Tumult {heavy, rF+ SInv}
 83046 | Slime:5  | Identified the staff of the Charming Ancients {rPois rC-
                  | rCorr Int-2 Stlth+ Poison}
 83049 | Slime:5  | Identified the +3 quarterstaff of the Sneaky Realms {flame,
                  | rC+ SInv}
 83101 | Slime:5  | Identified the +6 short sword of Excruciating Pain {drain,
                  | rC+ Str+2}
 83649 | Crypt:1  | Entered Level 1 of the Crypt
 84858 | Zot:1    | Entered Level 1 of the Realm of Zot
 85200 | Zot:1    | Reached skill level 10 in Dodging
 85202 | Zot:1    | Received a gift from Sif Muna
 86437 | Zot:1    | Reached XP level 27. HP: 182/207 MP: 19/45
 87484 | Zot:2    | You fall into a shaft and drop 1 floor!
 87598 | Zot:2    | Found a transporter.
 87646 | Zot:2    | Found a transporter.
 87647 | Zot:2    | Found the +2 pair of slick slippers {slick, slippery, EV+4}
 88008 | Zot:2    | Received a gift from Sif Muna
 88009 | Zot:2    | Got Ripajeo's Grimoire of Leadership and Bombardment {god
                  | gift}
 88452 | Zot:3    | Reached skill level 1 in Staves
 89374 | Zot:3    | Reached skill level 5 in Staves
 89516 | Zot:4    | Received a gift from Sif Muna
 89521 | Zot:4    | Got Sif Muna's Catalogue of the Undead Map {god gift}
 90649 | Zot:4    | Found a large runed translucent door.
 90650 | Zot:4    | Found a large runed translucent door.
 90652 | Zot:4    | Noticed Ivui's ghost (legendary GrMo)
 90873 | Zot:4    | Killed Ivui's ghost
 90911 | Zot:5    | Entered Level 5 of the Realm of Zot
 90981 | Zot:5    | Noticed an orb of fire
 90982 | Zot:5    | Noticed an orb of fire
 90984 | Zot:5    | Killed an orb of fire
 90984 | Zot:5    | Gained mutation: You occasionally lose the ability to drink
                  | potions when taking damage. [an orb of fire]
 90987 | Zot:5    | Noticed an orb of fire
 90988 | Zot:5    | Killed an orb of fire
 90988 | Zot:5    | Noticed an orb of fire
 90992 | Zot:5    | Killed an orb of fire
 90995 | Zot:5    | Gained mutation: You occasionally lose the ability to read
                  | scrolls when taking damage. [an orb of fire]
 90997 | Zot:5    | Killed an orb of fire
 91196 | Zot:4    | Lost mutation: You occasionally lose the ability to drink
                  | potions when taking damage. [potion of mutation]
 91196 | Zot:4    | Lost mutation: You occasionally lose the ability to read
                  | scrolls when taking damage. [potion of mutation]
 91196 | Zot:4    | Gained mutation: You are agile. (Dex +4, Str/Int -1)
                  | [potion of mutation]
 91196 | Zot:4    | Gained mutation: You have a pair of small antennae on your
                  | head. [potion of mutation]
 91487 | Zot:5    | Found a broken altar of Ashenzari.
 91642 | Zot:5    | Found a white marble altar of Elyvilon.
 91842 | Zot:5    | Noticed a dread lich
 91849 | Zot:5    | Noticed an orb of fire
 91850 | Zot:5    | Noticed an ancient lich
 91852 | Zot:5    | Killed a dread lich
 91853 | Zot:5    | Noticed a Killer Klown
 91856 | Zot:5    | Killed an orb of fire
 91859 | Zot:5    | Noticed an ancient lich
 91860 | Zot:5    | Killed a Killer Klown
 91866 | Zot:4    | Killed an ancient lich
 92035 | Zot:5    | Killed an ancient lich
 92038 | Zot:5    | Noticed a dread lich
 92040 | Zot:5    | Noticed a Killer Klown
 92043 | Zot:5    | Noticed a Killer Klown
 92047 | Zot:5    | Killed a dread lich
 92048 | Zot:5    | Noticed a Killer Klown
 92051 | Zot:5    | Killed a Killer Klown
 92057 | Zot:4    | Killed a Killer Klown
 92105 | Zot:5    | Killed a Killer Klown
 92165 | Zot:5    | Noticed a Killer Klown
 92178 | Zot:5    | Killed a Killer Klown
 92976 | Zot:5    | Noticed an ancient lich
 92978 | Zot:5    | Noticed an orb of fire
 92980 | Zot:5    | Killed an ancient lich
 92980 | Zot:5    | Noticed an orb of fire
 92986 | Zot:5    | Gained mutation: Your magical capacity is low. (-10% MP)
                  | [an orb of fire]
 92987 | Zot:5    | Noticed a Killer Klown
 92988 | Zot:5    | Gained mutation: You occasionally shout uncontrollably at
                  | your foes. [an orb of fire]
 92988 | Zot:5    | Noticed a Killer Klown
 92989 | Zot:5    | Killed an orb of fire
 92993 | Zot:5    | Killed an orb of fire
 92993 | Zot:5    | Noticed a Killer Klown
 93000 | Zot:5    | Killed a Killer Klown
 93002 | Zot:5    | Noticed a Killer Klown
 93004 | Zot:5    | Killed a Killer Klown
 93007 | Zot:5    | Killed a Killer Klown
 93009 | Zot:5    | Killed a Killer Klown
 93227 | Zot:5    | Received a gift from Sif Muna
 93242 | Zot:5    | Learned a level 9 spell: Chain Lightning
 93266 | Zot:5    | Got Sif Muna's Folio of Battle Magic and Nightshade {god
                  | gift}
 93746 | Zot:5    | Got the Orb of Zot
 93758 | Zot:5    | Noticed a seraph
 93761 | Zot:5    | Killed a seraph
 93998 | Depths:1 | Noticed Hinoam the pandemonium lord
 94001 | Depths:1 | Gained mutation: You are resistant to electric shocks.
                  | (rElec) [mutagenic glow]
 94007 | Depths:1 | Killed Hinoam the pandemonium lord
 94062 | D:15     | Noticed Lawnagul the pandemonium lord
 94138 | D:11     | Reached skill level 24 in Air Magic
 94411 | D:$      | Escaped with the Orb!

Illustrated notes

Levels and vault maps discovered:
D:1:      dpeg_arrival_rhombus, layout_basic
D:2:      layout_rooms, shapermc_ecumenical_altar_pompeii, uniq_sigmund
D:3:      kennysheep_goblin_castle, layout_basic, uniq_natasha
D:4:      layout_basic, nicolae_dithmenos_the_darkroom,
          mainiacjoe_overflow_small_starburst, grunt_gozag_statues,
          cheibrodos_sewer_entry_sluice, uniq_pikel
D:5:      layout_layer_cave, minmay_temple_entry_arrows, serial_demonic,
          serial_demonic_e, serial_demonic_b, serial_demonic_b,
          serial_demonic_g, serial_demonic_c, uniq_prince_ribbit1
D:6:      layout_loops_cross, palyth_stone_intersect
D:7:      layout_cave_pools
D:8:      layout_gridville, serial_shops, nicolae_shop_tiny_statue_garden, shop,
          shop_coins, shop, shop
D:9:      layout_rooms, chequers_temple_overflow_statue_of_worship,
          due_lair_maze_entry_diamond
D:10:     layout_basic, slow_altar_1, old_standard_altar, lemuel_tele_altar,
          hellmonk_scale_shop
D:11:     layout_layer_cave
D:12:     layout_basic
D:13:     layout_loops_cross, erik_vaults_1, gammafunk_ghost_hydra_chop,
          grunt_livestock, bh_hangedman_babel_library
D:14:     layout_stronghold, gauntlet_entry_generic
D:15:     grunt_enter_depths_hoard, layout_basic, elyvilon_altar_1
Temple:   nicolae_temple_two_arcs
Lair:1:   layout_cave_pods, lemuel_oklob_altar, uniq_joseph
Lair:2:   layout_gridlike, minmay_snake_entry_six_corridors, minivault_19,
          pdpol_lair_cabin_in_the_woods, uniq_maggie
Lair:3:   layout_regular_city, minmay_shoals_entry_beasts
Lair:4:   layout_gridlike
Lair:5:   evil_forest, layout_gridlike, slime_entry_1, grunt_megastairs_3,
          serial_bayou_shore_a, serial_bayou_shore_b
Shoals:1: layout_shoals, uniq_mlioglotl
Shoals:2: layout_shoals, uniq_polyphemus
Shoals:3: layout_shoals, portal_ice_cave_entry_pillars_three, uniq_ilsuiw
Shoals:4: shoals_end_simple, layout_shoals, nicolae_shoals_lost_giant_pillars
Snake:1:  layout_misc_corridors, minmay_shop_grove, uniq_frances
Snake:2:  cheibrodos_forgotten_conduit, layout_honeycomb, serial_shops,
          nicolae_shop_back_alley_shop, nicolae_snake_serpentine_hallways,
          drop_trap
Snake:3:  layout_gridlike
Snake:4:  snake_pit_salamanders_mu, layout_misc_corridors
Slime:1:  layout_caves
Slime:2:  layout_caves
Slime:3:  layout_caves, nicolae_slime_round_cave
Slime:4:  layout_caves
Slime:5:  slime_pit_nicolae_royal_road_to_ruin
Orc:1:    layout_diamond_mine, enter_volcano_3
Orc:2:    pf_orc_diabolical, layout_caves, serial_shops, shop,
          nicolae_shop_trees, nicolae_shop_pleasant_corner_grove,
          nicolae_shop_gibbet_a_chance, nicolae_shop_dealshenge, basic_altar,
          kennysheep_orc_sif_temple, uniq_azrael
Elf:1:    layout_loops_cross, basic_altar, gammafunk_ghost_fury_of_okawaru,
          uniq_nikola
Elf:2:    nicolae_elf_blades_splatter_lattice
          [nicolae_vaults_blade_armed_guards], layout_geoelf_diagonals,
          nicolae_wwwww, nicolae_elf_loose_elemental_storage, uniq_jorgrun
Elf:3:    elf_hall_gauntlet_narrow, layout_gridlike
Vaults:1: ontoclasm_vaults_ligature, nicolae_vaults_little_squares_3,
          nicolae_vaults_sesquioval_fish, nicolae_vaults_meiosis,
          nicolae_vaults_apartment_1, nicolae_vaults_house_1, vaults_mumra_hex,
          ontoclasm_vaults_ring_small, layout_vaults_omnigrid
Vaults:2: nicolae_vaults_what_the_h, nicolae_vaults_ellipses_ellipsis,
          hangedman_vaults_slice, v_pattern_5, nicolae_vaults_tetromino_L_1,
          nicolae_vaults_door_testing_chamber, serial_ice_h,
          minmay_crypt_entry_vampire_xt, nicolae_vaults_little_ls, v_misc_24,
          nicolae_vaults_circle_grid_a, serial_ice_b, hangedman_vaults_corner,
          nicolae_vaults_diamond_2, nicolae_vaults_surprise_closet_hard,
          hangedman_vaults_corner_blocks, nicolae_vaults_diamond_1,
          layout_vaults_ring, serial_shops, shop, shop,
          nicolae_shop_tiny_real_fake_doors
Vaults:3: vaults_room_octagon, nicolae_vaults_offset_grid_hallway_1,
          nicolae_vaults_corridor_and_loot_room,
          nicolae_vaults_heart-shaped_vault, grunt_vaults_funnel, v_misc_16,
          nicolae_vaults_closet_pinwheel_6, v_misc_13, dpeg_vaults_monster_box,
          nicolae_vaults_trapezoid_2, layout_vaults_maze_bifur
Vaults:4: nicolae_vaults_branching_niches, v_rooms_2,
          nicolae_vaults_three_branches, vaults_room_hallway,
          vaults_room_corners, ontoclasm_vaults_decontamination,
          vaults_dpeg_encased_lava, nicolae_vaults_wine_cellar,
          hangedman_vaults_corner_blocks, layout_vaults_omnicross, serial_shops,
          shop, nicolae_shop_stone, nicolae_shop_tiny_glass, shop, shop,
          uniq_mennas
Vaults:5: uniq_boris
Crypt:1:  layout_chaotic_city, small_statue_intersection,
          grunt_crypt_arrival_split
Depths:1: layout_cross, abyss_entry_glasseish, chequers_serial_rivers_room_a,
          hell_entry, chequers_serial_rivers_micro_c, kennysheep_generic_room_13
Depths:2: minmay_distorted_concentric_squares, layout_gridville,
          enter_ziggurat_e, nicolae_qazlal_scattered_showers, serial_shops,
          shop_scrolls, grunt_pan_entry_zigzag, hell_entry, special_room
          [special_room_mythical_zoo], minmay_misc_feat_enclosed,
          minmay_staircase_bubble, serial_bayou_shore_b
Depths:3: minmay_haunted_quarter, layout_cave_shapes,
          chequers_serial_rivers_marsh, grunt_metal_band, abyss_entry,
          minmay_variable_closet, infiniplex_staircase_zigzag_5, uniq_mara
Depths:4: grunt_zot_entry_funnels, layout_long_grid, hell_entry,
          nicolae_hepliaklqana_ecumenical_no_more, minmay_shop_star
Zot:1:    layout_cathedral_of_symmetry
Zot:2:    gammafunk_sealed_arena, layout_onion, skrybe_zot_glass_3
Zot:3:    lemuel_halls_of_wrath, layout_gridlike
Zot:4:    layout_misc_corridors, ebering_ghost_disaster_area
Zot:5:    layout_concentric_octagons, hangedman_feature_mirror, st_stairs_5,
          lemuel_lake_of_fire

Skill      XL: |  1  2  3  4  5  6  7  8  9 10 11 12 13 14 15 16 17 18 19 20 21 22 23 24 25 26 27 |
---------------+----------------------------------------------------------------------------------+-----
Air Magic      | 4 5 8 9 10 12 13 15 17 18 19 20 21 23 24 | 24.0
Spellcasting   | 3 4 6 8 9 11 12 13 14 15 16 17 18 | 18.0
Fire Magic     | 3 7 8 |  8.0
Fighting       | 2 6 7 9 10 11 13 14 15 | 15.0
Hexes          | 1 2 3 |  3.0
Dodging        | 4 5 6 8 11 | 11.0
Armour         | 3 5 7 8 9 10 12 14 | 14.4
Invocations    | 3 6 9 11 12 13 15 | 15.2
Conjurations   | 6 10 13 15 22 | 22.0
Shields        | 3 4 6 8 10 11 12 14 | 14.5
Translocations | 4 |  4.0
Earth Magic    | 4 5 |  5.0
Evocations     | 3 7 9 12 | 12.9
Staves         | 5 |  5.4
Stealth        | |  2.0

Action                     |  1- 3 |  4- 6 |  7- 9 | 10-12 | 13-15 | 16-18 | 19-21 | 22-24 | 25-27 || total
---------------------------+-------+-------+-------+-------+-------+-------+-------+-------+-------++-------
  Melee: Unarmed           |     3 |       |       |       |       |       |       |       |       ||     3
         Whip              |    19 |    22 |    10 |       |       |       |       |       |       ||    51
         Short sword       |       |       |    12 |     8 |       |       |       |       |       ||    20
         Dagger            |       |       |       |    32 |   119 |       |       |       |       ||   151
         Punch             |       |       |       |       |     1 |       |       |       |       ||     1
         Staff             |       |       |       |       |    24 |    21 |    26 |   101 |   208 ||   380
   Cast: Shock             |    55 |   143 |   136 |   149 |     4 |       |       |       |       ||   487
         Airstrike         |       |     6 |    45 |   229 |   567 |   316 |   357 |    96 |    80 ||  1696
         Static Discharge  |       |     6 |     8 |    13 |     8 |       |       |       |       ||    35
         Swiftness         |       |       |     1 |     1 |     5 |     5 |     2 |     1 |     4 ||    19
         Inner Flame       |       |       |     3 |    17 |    21 |       |       |       |       ||    41
         Arcjolt           |       |       |       |       |    32 |    11 |    26 |    92 |    78 ||   239
         Mephitic Cloud    |       |       |       |       |     6 |     1 |       |       |       ||     7
         Plasma Beam       |       |       |       |       |    62 |   291 |   289 |   229 |   243 ||  1114
         Freezing Cloud    |       |       |       |       |       |    20 |    38 |    11 |     2 ||    71
         Fireball          |       |       |       |       |       |     3 |     6 |    10 |       ||    19
         Maxwell's Capacit |       |       |       |       |       |       |    11 |    88 |   183 ||   282
         Leda's Unmaking   |       |       |       |       |       |       |       |     4 |       ||     4
         Orb of Destructio |       |       |       |       |       |       |       |    16 |    80 ||    96
         Blink             |       |       |       |       |       |       |       |     3 |    17 ||    20
         Iskenderun's Myst |       |       |       |       |       |       |       |       |    13 ||    13
         Chain Lightning   |       |       |       |       |       |       |       |       |    11 ||    11
 Invoke: Channel Magic     |       |       |       |       |     5 |     2 |     2 |     1 |     4 ||    14
         Divine Exegesis   |       |       |       |       |       |       |       |       |     1 ||     1
  Evoke: Wand              |       |       |       |     2 |    14 |     6 |     2 |     1 |     9 ||    34
         Phantom mirror    |       |       |       |       |     1 |       |       |       |       ||     1
         Lightning rod     |       |       |       |       |       |     3 |       |       |       ||     3
    Use: Scroll            |       |     5 |     9 |     8 |     7 |    13 |     7 |     6 |    23 ||    78
         Potion            |       |       |       |     1 |     5 |     2 |     1 |       |    10 ||    19
   Stab: Sleeping          |       |     1 |       |       |       |       |       |       |       ||     1
         Confused          |       |       |       |       |     1 |       |       |       |       ||     1
 Armour: Robe              |     5 |    24 |    13 |    41 |    83 |    20 |       |       |       ||   186
         Acid dragon scale |       |       |       |     1 |       |       |       |       |    46 ||    47
         Leather armour    |       |       |       |       |    63 |       |       |       |       ||    63
         Quicksilver drago |       |       |       |       |       |    78 |   103 |   117 |   241 ||   539
  Dodge: Dodged            |    16 |    42 |    31 |    66 |   232 |   118 |   117 |   155 |   279 ||  1056
  Block: Kite shield       |       |       |       |       |       |    12 |    90 |   267 |   513 ||   882

Table legend: (Time is in decaauts)
 A = Elapsed time spent in this place.
 B = Non-inter-level travel time spent in this place.
 C = Inter-level travel time spent in this place.
 D = Time resting spent in this place.
 E = Time spent auto-exploring this place.
 F = Levels seen in this place.
 G = Mean time per level.
                   A        B        C        D        E       F      G
               +--------+--------+--------+--------+--------+-----+--------+
         Total |  97874 |  87811 |  10063 |  32145 |  37687 |  58 | 1687.5 |
       Dungeon |  23340 |  19547 |   3793 |   4581 |  10713 |  15 | 1556.0 |
        Temple |     16 |      8 |      8 |      0 |      0 |   1 |   16.0 |
          Lair |  10346 |   8834 |   1512 |   3242 |   4145 |   5 | 2069.2 |
        Shoals |   6389 |   6094 |    295 |   2092 |   2495 |   4 | 1597.2 |
     Snake Pit |   7390 |   6675 |    715 |   2922 |   2500 |   4 | 1847.5 |
    Slime Pits |   4116 |   3967 |    149 |   1934 |    972 |   5 |  823.2 |
  Orcish Mines |   4014 |   3142 |    872 |   1133 |   1133 |   2 | 2007.0 |
   Elven Halls |   7407 |   6758 |    649 |   3534 |   2039 |   3 | 2469.0 |
        Vaults |   9391 |   8364 |   1027 |   2620 |   4548 |   5 | 1878.2 |
         Crypt |   1001 |    993 |      8 |      6 |    809 |   1 | 1001.0 |
        Depths |   9895 |   9152 |    743 |   3598 |   4269 |   4 | 2473.8 |
           Zot |   8814 |   8527 |    287 |   3338 |   3497 |   5 | 1762.8 |
         Sewer |   1566 |   1566 |      0 |   1211 |     50 |   1 | 1566.0 |
      Ice Cave |   2187 |   2187 |      0 |   1263 |    128 |   1 | 2187.0 |
       Volcano |   1405 |   1405 |      0 |    500 |    384 |   1 | 1405.0 |
      Gauntlet |    589 |    589 |      0 |    170 |      0 |   1 |  589.0 |
               +--------+--------+--------+--------+--------+-----+--------+

Top non-repeatable levels by time:
Depths:3: 4136 daAuts
   Elf:3: 3519 daAuts
 Snake:4: 3032 daAuts
Vaults:4: 3001 daAuts
  Lair:2: 2617 daAuts
    D:15: 2595 daAuts
Vaults:1: 2593 daAuts
   Orc:2: 2527 daAuts
  Lair:4: 2268 daAuts
Depths:4: 2229 daAuts
    D:10: 2218 daAuts
   Zot:4: 2217 daAuts
Shoals:4: 2192 daAuts
   IceCv: 2187 daAuts
Depths:2: 2113 daAuts
